 Dungeon Crawl Stone Soup version 0.21-a0-125-gb006224 (webtiles) character file.

19 sagitran the Skirmisher (level 2, 0/24 HPs)
             Began as a Demonspawn Abyssal Knight on July 14, 2017.
             Was a Follower of Lugonu.
             Succumbed to an adder's poison
             ... on level 2 of the Dungeon.
             The game lasted 00:02:13 (310 turns).

sagitran the Skirmisher (Demonspawn Abyssal Knight)  Turns: 310, Time: 00:02:14

Health: 0/24       AC:  5    Str: 17    XL:     2   Next: 55%
Magic:  4/4        EV: 11    Int: 15    God:    Lugonu [*.....]
Gold:   13         SH:  0    Dex: 12    Spells: 1/1 levels left

rFire    + . .     SeeInvis +   a - +1 hand axe
rCold    . . .     Gourm    .   (no shield)
rNeg     . . .     Faith    .   b - +0 leather armour
rPois    .         Spirit   .   (no helmet)
rElec    .         Reflect  .   (no cloak)
rCorr    .         Harm     .   (no gloves)
MR       .....                  (no boots)
Stlth    +.........             (no amulet)
HPRegen  0.48/turn              (no ring)
MPRegen  0.09/turn              k - ring of protection from fire

@: mighty, lethally poisoned (0 -> 0), hasted, very quick
A: thin metallic scales 1, see invisible, clever 1, regeneration 1
a: Depart the Abyss, Renounce Religion


You were on level 2 of the Dungeon.
You worshipped Lugonu.
Lugonu was aware of your devotion.
You were not hungry.

You visited 1 branch of the dungeon, and saw 3 of its levels.
You visited the Abyss 1 time.

You collected 13 gold pieces.

Inventory:

Hand Weapons
 a - a +1 hand axe (weapon)
Armour
 b - a +0 leather armour (worn)
Jewellery
 k - a ring of protection from fire (right hand)
Scrolls
 f - a scroll of identify {unknown}
 g - a scroll of remove curse
 h - a scroll of fog {unknown}
 m - a scroll of teleportation {unknown}
Comestibles
 c - a bread ration
 d - a meat ration


   Skills:
 + Level 3.3 Fighting
 + Level 1.9 Axes
 + Level 2.0 Armour
 + Level 0.8 Dodging
 + Level 0.4 Stealth
 + Level 2.9 Invocations


You had one spell level left.
You didn't know any spells.

Dungeon Overview and Level Annotations

Branches:
Dungeon (3/15)

Altars:


Innate Abilities, Weirdness & Mutations

You are partially covered in thin metallic scales. (AC +2)
You have supernaturally acute eyesight. (SInv)
Your mind is acute. (Int +2)
Your natural rate of healing is unusually fast.


Message History

You feel sick. The adder bites you but does no damage.
The quokka twitches its whiskers.
The quokka barely misses you. The adder bites you but does no damage.
You hit the adder.
The adder is severely wounded.
You hit the quokka.
You kill the quokka!
Lugonu accepts your kill.
* * * LOW HITPOINT WARNING * * *
You feel sick. The adder barely misses you.
You slash the adder!
You kill the adder!
Lugonu accepts your kill.
Your Armour skill increases to level 2!
It was a potion of haste.
You feel yourself speed up.
* * * LOW HITPOINT WARNING * * *
You feel sick.
It was a potion of mutation.
You feel extremely strange.
You begin to heal more quickly.
Your vision sharpens.
You feel clever.
You die...

#. ##.##### ###....g.#
. #........##.#
#...... ....#
#.....#....# .
#####....$#....# #.#
#.# #........@.....##
.. #.#
###...†.........
#.##..
#...†#.....###.##..#..
######.#.#... .....#..
.#.# #. #....... .# #
#...#..# .# #.....>.
.# .....#... .# .#.
####


You could see a goblin (sleeping).

Vanquished Creatures
  An adder (D:2)
  A giant cockroach (D:2)
  A hobgoblin (D:2)
  A quokka (D:2)
  A ball python (D:1)
  3 kobolds
  3 rats
11 creatures vanquished.

Notes
Turn   | Place    | Note
-------+----------+-------------------------------------------
     0 | Abyss:1  | sagitran the Demonspawn Abyssal Knight began the quest for the Orb.
     0 | Abyss:1  | Reached XP level 1. HP: 18/18 MP: 2/2
     7 | D:1      | Escaped the Abyss
   275 | D:3      | Gained mutation: You are partially covered in thin metallic scales. (AC +2) [demonic ancestry]
   275 | D:3      | Reached XP level 2. HP: 23/24 MP: 4/4
   308 | D:2      | HP: 1/24 [poisoned by an adder]
   309 | D:2      | Gained mutation: Your natural rate of healing is unusually fast. [potion of mutation]
   309 | D:2      | Gained mutation: You have supernaturally acute eyesight. (SInv) [potion of mutation]
   309 | D:2      | Gained mutation: Your mind is acute. (Int +2) [potion of mutation]
   310 | D:2      | Succumbed to an adder's poison

Vault maps used:
D:1:      wheals_arrival_linesprint
D:2:      nicolae_dithmenos_shadow_blocks, minmay_misc_feat_square
D:3:      nicolae_overflow_hidden_temple, bloody_trog, grunt_decor_fettered,
          dk_noncrumbling_3, uniq_terence

Skill      XL: |  1  2 |
---------------+-------+-----
Armour         | 2 |  2.0
Fighting       | |  3.3
Axes           | |  1.9
Dodging        | |  0.8
Stealth        | |  0.4
Invocations    | |  2.9

Action                   || total
-------------------------++-------
Melee: Hand axe          ||    25
  Use: Scroll            ||     1
       Potion            ||     4
 Stab: Sleeping          ||     1
Armor: Leather armour    ||    14
Dodge: Dodged            ||    24
